 Dungeon Crawl Stone Soup version 0.25-a0-178-gc9f82b1288 (webtiles) character file.

Game seed: 758628008048560126, levelgen mode: deterministic

65 Leeroy the Conjurer (level 3, 0/26 HPs)
             Began as a Draconian Conjurer on Nov 26, 2019.
             Killed by divine providence
             ... invoked by an orc priest
              (16 damage)
             ... on level 3 of the Dungeon.
             The game lasted 00:08:46 (2312 turns).

Leeroy the Conjurer (Draconian Conjurer)            Turns: 2312, Time: 00:08:46

Health: 0/26       AC:  5    Str: 10    XL:     3   Next: 92%
Magic:  6/6        EV: 12    Int: 16    God:
Gold:   117        SH:  0    Dex: 11    Spells: 3/6 levels left

rFire    . . .     SeeInvis .   l - +0 short sword
rCold    . . .     Gourm    .   (no shield)
rNeg     . . .     Faith    .   (armour unavailable)
rPois    .         Spirit   .   (helmet restricted)
rElec    .         Reflect  .   (no cloak)
rCorr    .         Harm     .   (no gloves)
MR       .....                  (no boots)
Stlth    ++........             (no amulet)
HPRegen  0.08/turn              (no ring)
MPRegen  0.10/turn              (no ring)

@: no status effects
A: unfitting armour, cold-blooded, AC +5
a: no special abilities


You were on level 3 of the Dungeon.
You were not hungry.

You visited 1 branch of the dungeon, and saw 3 of its levels.

You collected 117 gold pieces.

Inventory:

Hand Weapons
 a - a +0 dagger
 h - a +0 whip
 l - a +0 short sword (weapon)
Missiles
 c - 86 stones (quivered)
Scrolls
 d - 2 scrolls of enchant weapon {unknown}
 f - 5 scrolls of identify {unknown}
 j - a scroll of amnesia {unknown}
 m - a scroll of remove curse {unknown}
 n - a scroll of fog {unknown}
 o - 2 scrolls of magic mapping {unknown}
Potions
 e - 3 potions of haste {unknown}
 g - a potion of invisibility {unknown}
 i - 2 potions of curing {unknown}
 k - 3 potions of lignification {unknown}
Comestibles
 b - 3 rations


   Skills:
 - Level 1.7 Dodging
 - Level 1.7 Stealth
 - Level 2.0 Spellcasting
 + Level 5.5 Conjurations


You had 3 spell levels left.
You knew the following spells:

 Your Spells              Type           Power        Failure   Level  Hunger
a - Magic Dart            Conj           ###.         1%          1    #......
b - Searing Ray           Conj           ###...       3%          2    ###....

Your spell library contained the following spells:

 Spells                   Type           Power        Failure   Level  Hunger
 Confusing Touch          Hex            #.....       21%         1    #......
 Dazzling Spray           Conj/Hex       ##....       21%         3    ###....
 Confuse                  Hex            #.......     52%         3    ###....
 Gell's Gravitas          Tloc           #.........   52%         3    ###....
 Iskenderun's Mystic Bla  Conj           ###.....     21%         4    #####..
 Force Lance              Conj/Tloc      ##......     54%         4    #####..
 Fulminant Prism          Conj/Hex       ##........   54%         4    #####..
 Petrify                  Tmut/Erth      #.......     90%         4    #####..
 Metabolic Englaciation   Hex/Ice        #.........   99%         5    ######.
 Yara's Violent Unravell  Hex/Tmut       #.........   99%         5    ######.


Dungeon Overview and Level Annotations

Branches:
Dungeon (3/15)

Altars:

Annotations:
D:1 1 runed translucent door


Innate Abilities, Weirdness & Mutations

Your plain brown scales are hard. (AC +5)
You cannot fit into any form of body armour.
You are cold-blooded and may be slowed by cold attacks.


Message History

You hit the orc.
The orc is moderately wounded.
The orc priest miscasts a cantrip.
The orc hits you but does no damage.
The orc priest looks encouraged for a moment.
You barely miss the orc.
The orc is moderately wounded.
The orc hits you with a +0 club.
You barely miss the orc.
The orc is moderately wounded.
The orc hits you with a +0 club. The orc hits you but does no damage.
An orc is nearby!
The orc priest miscasts a cantrip.
The orc priest begins to cast a cantrip, but forgets the words!
You see here 35 stones.
The orc priest calls down the wrath of Beogh upon you.
Beogh smites you!
Ouch! That really hurt!
You die...

#.......#.......#
##......###.....#
#...##..#......# #...###.#.##...#
#....##.#.##.###
######.....#.#.#..#
#...o....#.#.#.#.##
#.###....#.#.#.#.# # #.
##...#.#@#.#.# #. ##.
#...#.#.#.#.# ..#### ###.$##
#...#.#o#.#.# ....
.#.oo#####.#.#.#.#.#.# #######
.#. ###....#.#.#.#.#.# #......
..o###..####.#.#.#.#.######..####
######.## #.#.#(#.#.#...........
####...# #...#o#.#...##########
####.### ##.##o#w##.##


You could see an orc priest and an orc.

Vanquished Creatures
  4 oozes
  A worm (D:3)
  3 dart slugs
  A leopard gecko (D:1)
  An orc (D:3)
  3 bats
  2 giant cockroaches (D:1)
  5 goblins
  4 hobgoblins
  6 kobolds
  A quokka (D:2)
  A ball python (D:2)
  2 frilled lizards
  2 rats (D:1)
36 creatures vanquished.

Notes
Turn   | Place    | Note
-------+----------+-------------------------------------------
     0 | D:1      | Leeroy the Draconian Conjurer began the quest for the Orb.
     0 | D:1      | Reached XP level 1. HP: 14/14 MP: 3/3
     1 | D:1      | Found a runed translucent door.
     7 | D:1      | Noticed a jelly
   113 | D:2      | Reached XP level 2. HP: 2/20 MP: 1/5
   527 | D:1      | Learned a level 2 spell: Searing Ray
   761 | D:1      | Reached skill level 5 in Conjurations
   771 | D:1      | Reached XP level 3. HP: 21/26 MP: 6/6
  2312 | D:3      | Killed from afar by an orc priest

Levels and vault maps discovered:
D:1:      dpeg_arrival_caged_fury, layout_rooms
D:2:      wander_river, layout_rooms, kennysheep_nub
D:3:      layout_basic, makhleb_blood_cavern_becter, serial_co_window_serial,
          co_window_of_opportunity_a, co_window_cross_1, co_window_cross_1,
          co_window_paths_a, co_window_paths_a, co_window_paths_c,
          co_window_unsneaky_path_d, co_window_cross_4, co_window_paths_d,
          co_window_sun, glass_columns_a, glass_columns_a, glass_columns_c

Skill      XL: |  1  2 |
---------------+-------+-----
Conjurations   | 5 |  5.5
Dodging        | |  1.7
Stealth        | |  1.7
Spellcasting   | |  2.0

Action                   || total
-------------------------++-------
Melee: Unarmed           ||     8
       Dagger            ||    82
       Tailslap          ||    11
       Short sword       ||    54
 Cast: Magic Dart        ||    16
       Searing Ray       ||     5
 Stab: Sleeping          ||     4
  Eat: Chunk             ||     5
Armor: Skin              ||    54
Dodge: Dodged            ||    91

Table legend:
 A = Non-vault XP
 B = Vault XP
 C = Vault XP percentage of total XP
 D = Non-vault monster count
 E = Vault monster count
 F = Vault count percentage of total count
                 A         B        C        D         E       F
            +---------+---------+-------+---------+---------+-------
      Total |      93 |       0 |   0.0 |      36 |       0 |   0.0
            +---------+---------+-------+---------+---------+-------
        D:1 |      44 |       0 |   0.0 |      16 |       0 |   0.0
        D:2 |      29 |       0 |   0.0 |      13 |       0 |   0.0
        D:3 |      20 |       0 |   0.0 |       7 |       0 |   0.0
            +---------+---------+-------+---------+---------+-------
